 Dungeon Crawl Stone Soup version 0.32-a0-999-gfa1cc04b1d (webtiles) character file.

Game seed: 6259253181911816866

2156 BigDaddyOpFi the Covert (level 9, -1/58 (61) HPs)
             Began as an Octopode Wanderer on Apr 24, 2024.
             Was a Believer of Qazlal.
             Slain by a gnoll
             ... wielding a +0 flail of draining
             ... led by a gnoll sergeant
              (3 damage)
             ... on level 7 of the Dungeon.
             The game lasted 00:09:32 (5875 turns).

BigDaddyOpFi the Covert (Octopode Wanderer)         Turns: 5875, Time: 00:09:33

HP:   -1/58 (61)    AC:  3    Str: 16    XL:     9   Next: 31%
MP:   0/12          EV: 13    Int:  8    God:    Qazlal [**....]
Gold: 328           SH:  2    Dex: 18    Spells: 8/8 levels left

rFire   . . .        a - +2 hand axe (chaos)
rCold   . . .        (no shield)
rNeg    . . .        c - +2 hat
rPois   .            u - amulet "Ipleq" {Spirit Rampage Will+ Int-5 Dex+6 SInv}
rElec   .            (no ring)
rCorr   .            (no ring)
SInv    +            (no ring)
Will    +....        (no ring)
Stlth   +++++        (no ring)
HPRegen 0.29/turn    (no ring)
MPRegen 0.13/turn    (no ring)
                     (no ring)

%: guardian spirit, rampage
@: lightly drained
A: almost no armour, amphibious, 8 rings, camouflage 1, gelatinous body 1,
(nimble swimmer 1), tentacles
a: Renounce Religion, Upheaval


You were on level 7 of the Dungeon.
You worshipped Qazlal.
Qazlal was pleased with you.
You visited 1 branch of the dungeon, and saw 7 of its levels.
You also visited: Sewer.

You collected 328 gold pieces.

Inventory:

Hand Weapons
 a - a +2 hand axe of chaos (weapon)
 b - a +0 spear
Missiles
 m - 5 boomerangs (quivered)
 n - a throwing net
Armour
 c - a +2 hat (worn)
 e - a +0 pair of gloves
Jewellery
 f - an amulet of guardian spirit
 u - the amulet "Ipleq" (around mantle) {Spirit Rampage Will+ Int-5 Dex+6 SInv}
   (You found it on level 6 of the Dungeon)

   [amulet of guardian spirit]

   Spirit:    It causes incoming damage to be divided between your reserves of
   health and magic.
   Int-5:     It affects your intelligence (-5).
   Dex+6:     It affects your dexterity (+6).
   Will+:     It increases your willpower.
   SInv:      It lets you see invisible.
   Rampage:   It bestows one free step when moving towards enemies.
Scrolls
 g - 2 scrolls of teleportation
 j - 2 scrolls of brand weapon
 k - a scroll of revelation
 l - a scroll of fear
 t - a scroll of noise
Potions
 d - 5 potions of curing
 h - a potion of invisibility
 i - 3 potions of brilliance {unknown}
 o - a potion of haste {unknown}
 q - a potion of attraction
 r - a potion of might {unknown}


   Skills:
 + Level 5.5 Fighting
 + Level 7.6(7.8) Axes
 - Level 2.1(5.3) Polearms
 + Level 3.1 Throwing
 + Level 3.0 Dodging
 + Level 9.0 Stealth
 * Level 5.0 Invocations


You had 8 spell levels left.
You didn't know any spells.
Your spell library contained the following spells:

 Spells                   Type           Power      Damage    Failure   Level
 Cigotuvi's Dreadful Rot  Necr/Alch/Air  0%         N/A       54%         2
 Ignite Poison            Fire/Alch      0%         N/A       99%         4
 Freezing Cloud           Conj/Ice/Air   0%         6-21      100%        5


Dungeon Overview and Level Annotations

Branches:
Dungeon (7/15)             Temple (0/1) D:5           Sewer (visited)

Altars:
Qazlal
Xom
Beogh

Annotations:
D:6 3 runed translucent doors, Dumalacath's ghost, novice GrFi


Innate Abilities, Weirdness & Mutations

You cannot wear most types of armour.
You are amphibious.
You can wear up to eight rings at the same time.
Your skin changes colour to match your surroundings (Stealth+).
Your rubbery body absorbs attacks. (AC +1, EV +1)
((You are camouflaged when in or above water. (Stealth+)))
You have tentacles for arms and can constrict up to eight enemies at once.


Message History

The gnoll completely misses you.
You hit the gnoll. You freeze the gnoll. You grab the gnoll.
The gnoll is lightly wounded.
You closely miss the gnoll. You constrict the gnoll!
The gnoll hits you but does no damage. The gnoll sergeant barely misses you.
The gnoll closely misses you.
Unknown command.
You slash the gnoll!
You kill the gnoll!
Qazlal accepts your kill.
You hit the gnoll.
The gnoll is moving more slowly.
The gnoll is no longer moving quickly.
The gnoll sergeant barely misses you.
You rampage towards the gnoll sergeant!
You hit the gnoll sergeant. You freeze the gnoll sergeant.
You grab the gnoll sergeant.
The gnoll sergeant is lightly wounded.
You completely miss the gnoll. You hit the gnoll.
The gnoll is poisoned.
You constrict the gnoll sergeant. The gnoll completely misses you.
The gnoll sergeant barely misses you. The gnoll barely misses you.
You release your grip on the gnoll sergeant.
The gnoll attacks as it pursues you! You block the gnoll's attack.
The gnoll hits you with a +0 club.
The gnoll sergeant hits you from afar with a +0 trident.
The gnoll attacks as it pursues you!
The gnoll hits you from afar with a +0 halberd!
* * * LOW HITPOINT WARNING * * *
You feel much better. The gnoll closely misses you.
The gnoll sergeant hits you but does no damage.
The gnoll hits you with a +0 flail of draining.
You feel drained.
The gnoll hits you from afar with a +0 halberd.
The gnoll sergeant attacks as it pursues you!
The gnoll sergeant hits you from afar with a +0 trident!
The gnoll closely misses you.
The gnoll looks more healthy.
The gnoll sergeant hits you from afar with a +0 trident!
* * * LOW HITPOINT WARNING * * *
The gnoll hits you with a +0 flail of draining!
* * * LOW HITPOINT WARNING * * *
You feel drained.
You die...

. ..## ####
.... ..###
..##..###)..#
..)....ggg..#
.###<...#g..#
##...#@.##
.....#..#
####..#..#
#..#..#
#..#.##
#..#.#
..#.#####
#.#.#.....#
#.#.#.###.#


You could see a gnoll sergeant (swift) and 2 gnolls.

Vanquished Creatures
  Sigmund (D:2)
  A steam dragon (D:6)
  A water moccasin (D:7)
  An ice beast (D:7)
  Pargi (Sewer)
  3 black bears (D:6)
  A phantom (D:6)
  2 centaurs
  A kobold brigand (Sewer)
  A bullfrog (D:6)
  A brain worm (Sewer)
  A scorpion (D:5)
  A howler monkey (D:6)
  A bombardier beetle (D:6)
  2 jellies
  3 hounds (D:5)
  A gnoll bouda (D:7)
  2 sleepcaps (D:4)
  6 iguanas
  Natasha (thrice) (D:3)
  An orc wizard (D:4)
  9 gnolls
  8 adders
  A river rat (D:3)
  2 ribbon worms (D:3)
  8 orcs
  9 endoplasms
  4 giant cockroaches
  4 goblins
  6 hobgoblins
  17 kobolds
  5 quokkas
  5 ball pythons
  2 bats (D:2)
  5 frilled lizards
  6 rats
126 creatures vanquished.

Vanquished Creatures (collateral kills)
  A steam dragon (D:6)
  A kobold (Sewer)
  A rat (D:3)
3 creatures vanquished.

Vanquished Creatures (others)
  An adder zombie (D:2)
1 creature vanquished.

Grand Total: 130 creatures vanquished

Notes
Turn   | Place    | Note
-------+----------+-------------------------------------------
     0 | D:1      | BigDaddyOpFi the Octopode Wanderer began the quest for the
                  | Orb.
     0 | D:1      | BigDaddyOpFi set off with the following items: a +2 hand
                  | axe, a +0 spear, a +0 hat, a potion of invisibility.
     0 | D:1      | Reached XP level 1. HP: 11/11 MP: 1/1
   204 | D:1      | Reached XP level 2. HP: 15/17 MP: 2/2
   522 | D:1      | Found a faded altar of an unknown god.
   573 | D:1      | Reached skill level 1 in Fighting
   741 | D:1      | Reached XP level 3. HP: 23/23 MP: 3/3
  1070 | D:2      | Noticed Sigmund
  1085 | D:2      | Reached skill level 5 in Stealth
  1085 | D:2      | Reached XP level 4. HP: 27/29 MP: 4/4
  1089 | D:2      | Killed Sigmund
  1090 | D:2      | Reached skill level 6 in Stealth
  1090 | D:2      | Reached XP level 5. HP: 13/36 MP: 5/5
  1090 | D:2      | Reached XP level 6. HP: 16/42 MP: 6/6
  1691 | D:3      | Found a shimmering altar of Xom.
  1863 | D:3      | Noticed Natasha
  1870 | D:3      | Killed Natasha
  1892 | D:3      | Noticed Natasha
  1897 | D:3      | Killed Natasha
  1997 | D:3      | Found a glowing drain.
  2006 | Sewer    | Entered a sewer
  2038 | Sewer    | Reached skill level 7 in Stealth
  2038 | Sewer    | Reached XP level 7. HP: 41/47 MP: 4/7
  2042 | Sewer    | Noticed Pargi
  2063 | Sewer    | Killed Pargi
  2274 | Sewer    | Identified the +0 chain mail "Luemuino" {rElec Regen+}
  2414 | D:3      | Found a stormy altar of Qazlal.
  2456 | D:3      | Noticed Natasha
  2461 | D:3      | Killed Natasha
  2915 | D:3      | Became a worshipper of Qazlal Stormbringer
  3532 | D:4      | Reached skill level 1 in Invocations
  3728 | D:4      | Reached * piety under Qazlal
  4069 | D:5      | Entered Level 5 of the Dungeon
  4197 | D:5      | Reached skill level 1 in Throwing
  4197 | D:5      | Reached skill level 1 in Dodging
  4197 | D:5      | Reached XP level 8. HP: 36/54 MP: 5/9
  4580 | D:5      | Reached skill level 8 in Stealth
  4744 | D:5      | Found a staircase to the Ecumenical Temple.
  5020 | D:6      | Reached skill level 5 in Fighting
  5067 | D:6      | Identified the amulet "Ipleq" {Spirit Rampage Will+ Int-5
                  | Dex+6 SInv}
  5219 | D:6      | Reached XP level 9. HP: 48/61 MP: 10/12
  5277 | D:6      | Found a runed translucent gate.
  5277 | D:6      | Found a runed translucent gate.
  5277 | D:6      | Found a runed translucent gate.
  5280 | D:6      | Noticed Dumalacath's ghost (novice GrFi)
  5614 | D:6      | Identified the +8 plate armour of the Ikuchi {rElec Str+4
                  | Dex-4}
  5631 | D:6      | Found a roughly hewn altar of Beogh.
  5855 | D:7      | Reached skill level 5 in Invocations
  5857 | D:7      | Reached skill level 9 in Stealth
  5865 | D:7      | Reached ** piety under Qazlal
  5875 | D:7      | HP: 2/60 [gnoll/+0 flail of draining[a gnoll sergeant]
                  | (11)]
  5875 | D:7      | Slain by a gnoll

Illustrated notes

Levels and vault maps discovered:
D:1:      dpeg_arrival_boxorama, layout_loops_ring,
          nicolae_ecumenical_snake_handling
D:2:      layout_basic, uniq_sigmund
D:3:      layout_loops_cross, mainiacjoe_overflow_catwalk,
          amcnicky_altar_gilded, mainiacjoe_sewer_entry_somewhere_in_here_1,
          minmay_quadrilaterals, uniq_natasha
D:4:      minmay_diamond_boxcup, layout_loops_ring
D:5:      layout_basic, minmay_temple_entry_enclosed_plants
D:6:      layout_gridville, biasface_ghost_orc_armoury
D:7:      layout_loops_ring, gammafunk_ghost_nasty_kobolds

Skill      XL: |  1  2  3  4  5  6  7  8  9 |
---------------+----------------------------+-----
Fighting       | 1 2 3 4 5 |  5.5
Stealth        | 5 6 7 8 9 |  9.0
Axes           | 6 7 |  7.6
Invocations    | 1 4 5 |  5.0
Throwing       | 1 2 3 |  3.1
Dodging        | 1 2 3 |  3.0
Polearms       | |  2.1

Action                     |  1- 3 |  4- 6 |  7- 9 || total
---------------------------+-------+-------+-------++-------
  Melee: Hand axe          |    52 |    36 |   170 ||   258
         Constrict         |    11 |     8 |    41 ||    60
         Tentacles         |     7 |     5 |    35 ||    47
    Use: Scroll            |     3 |       |     8 ||    11
         Potion            |     5 |       |     1 ||     6
   Stab: Sleeping          |    12 |     9 |    18 ||    39
         Distracted        |     1 |       |     2 ||     3
         Paralysed         |       |     1 |       ||     1
         Petrified         |       |       |     8 ||     8
 Armour: Skin              |    19 |    10 |   109 ||   138
  Dodge: Dodged            |    27 |    11 |   117 ||   155
  Block: Other             |       |       |     3 ||     3

Table legend: (Time is in decaauts)
 A = Elapsed time spent in this place.
 B = Non-inter-level travel time spent in this place.
 C = Inter-level travel time spent in this place.
 D = Time resting spent in this place.
 E = Time spent auto-exploring this place.
 F = Levels seen in this place.
 G = Mean time per level.
                   A        B        C        D        E       F      G
               +--------+--------+--------+--------+--------+-----+--------+
         Total |   5865 |   5622 |    243 |    480 |   3924 |   8 |  733.1 |
       Dungeon |   5494 |   5251 |    243 |    275 |   3922 |   7 |  784.9 |
         Sewer |    370 |    370 |      0 |    205 |      2 |   1 |  370.0 |
               +--------+--------+--------+--------+--------+-----+--------+

Top non-repeatable levels by time:
     D:4: 1122 daAuts
     D:5: 940 daAuts
     D:3: 879 daAuts
     D:1: 865 daAuts
     D:2: 828 daAuts
     D:6: 732 daAuts
   Sewer: 370 daAuts
     D:7: 125 daAuts
